 Dungeon Crawl Stone Soup version 0.17-b1-20-g63edfd6 (webtiles) character file.

1554 radek the Infuser (level 8, 0/41 HPs)
             Began as a Deep Elf Conjurer on Nov 4, 2015.
             Slain by an orc warrior
             ... wielding a +0 long sword
              (6 damage)
             ... in the Ecumenical Temple.
             The game lasted 00:20:37 (6516 turns).

radek the Infuser (Deep Elf Conjurer)               Turns: 6516, Time: 00:20:38

Health: 0/41       AC:  9    Str:  4    XL:     8   Next: 57%
Magic:  1/18       EV: 13    Int: 25    God:
Gold:   254        SH:  0    Dex: 15    Spells: 2 memorised, 11 levels left

rFire  + . .     SeeInvis +     q - +3 dagger (drain)
rCold  x . .     Clarity  .     a - +0 robe
rNeg   . . .     SustAt   .     (no shield)
rPois  .         Gourm    .     y - +4 helmet of Woghiy {rCorr Str-2 Int+3 SInv}
rElec  .         Spirit   .     (no cloak)
rCorr  +         Warding  .     (no gloves)
rMut   .         Stasis   .     (no boots)
MR     .....                    (no amulet)
Stlth  ++........               A - +2 ring of protection
                                r - ring of fire

@: very slightly contaminated, not resistant to hostile enchantments, unstealthy
A: no striking features
a: no special abilities


You were in the Ecumenical Temple.
You were not hungry.

You visited 2 branches of the dungeon, and saw 7 of its levels.
You also visited: Ossuary.

You collected 254 gold pieces.

Inventory:

Hand Weapons
 k - a +1 whip of electrocution
 l - a +0 short sword
 q - a +3 dagger of draining (weapon)
Armour
 a - a +0 robe (worn)
 y - the +4 helmet of Woghiy (worn) {rCorr Str-2 Int+3 SInv}
   (You took it off Robin on level 4 of the Dungeon)

   It affects your strength (-2).
   It affects your intelligence (+3).
   It lets you see invisible.
   It protects you from acid and corrosion.
Jewellery
 f - an uncursed ring of protection from cold {unknown}
 r - a ring of fire (left hand)
 A - a +2 ring of protection (right hand)
 D - an uncursed ring of poison resistance {unknown}
Wands
 B - a wand of enslavement (9)
Scrolls
 g - 3 scrolls of remove curse
 h - a scroll of enchant weapon
 i - 2 scrolls of identify
 j - 2 scrolls of noise
 t - 2 scrolls of teleportation
Potions
 d - 8 potions of curing
 e - a potion of flight {unknown}
 n - a potion of magic {unknown}
 p - 2 potions of cancellation {unknown}
 s - a potion of mutation {unknown}
 u - 2 potions of poison {unknown}
 v - 2 potions of haste {unknown}
 w - a potion of heal wounds {unknown}
 x - a potion of degeneration {unknown}
 C - a potion of lignification {unknown}
Books
 b - a book of Conjurations

   Spells                             Type                      Level
   a - Magic Dart                     Conjuration                  1
   b - Searing Ray                    Conjuration                  2
   c - Dazzling Spray                 Conjuration/Hexes            3
   d - Fulminant Prism                Conjuration/Hexes            4
   e - Iskenderun's Mystic Blast      Conjuration                  4
   f - Iskenderun's Battlesphere      Conjuration/Charms           5
Comestibles
 c - 4 bread rations
 m - 2 meat rations
 o - a beef jerky


   Skills:
 - Level 2.4 Dodging
 - Level 2.4 Stealth
 * Level 5.3 Spellcasting
 - Level 6.9 Conjurations
 + Level 12.3 Charms


You had 11 spell levels left.
You knew the following spells:

 Your Spells              Type           Power        Failure   Level  Hunger
a - Magic Dart            Conj           ####         1%          1    None
b - Iskenderun's Battles  Conj/Chrm      ######..     6%          5    #####..


Dungeon Overview and Level Annotations

Branches:
Dungeon (6/15)             Temple (1/1) D:6

Altars:
Ashenzari
Cheibriados
Dithmenos
Elyvilon
Gozag
Kikubaaqudgha
Makhleb
Nemelex Xobeh
Qazlal
Sif Muna
Trog
Zin

Shops:
D:5 :

Annotations:
D:3 Sigmund


Message History

The orc warrior is heavily wounded.
The orc warrior hits you with a long sword!
* * * LOW HITPOINT WARNING * * *
Casting: Magic Dart
Confirm with . or Enter, or press ? or * to list all spells.
Aiming: Magic Dart
Press: ? - help, Shift-Dir - straight line, f/p - orc warrior
Aim: an orc warrior, wielding a long sword and wearing a plate armour (heavily wounded)
The magic dart hits the orc warrior.
The orc warrior is severely wounded.
The orc warrior barely misses you.
Casting: Magic Dart
Confirm with . or Enter, or press ? or * to list all spells.
Aiming: Magic Dart
Press: ? - help, Shift-Dir - straight line, f/p - orc warrior
Aim: an orc warrior, wielding a long sword and wearing a plate armour (severely wounded)
The magic dart hits the orc warrior.
The orc warrior is severely wounded.
The orc warrior hits you with a long sword.
You die...

≈≈≈≈≈≈≈≈.......≈≈≈...≈≈≈≈≈≈≈≈
≈≈≈≈≈≈≈≈≈≈≈...≈≈≈≈≈≈≈≈≈≈≈≈≈≈≈
≈≈≈≈≈≈≈≈≈≈...≈≈≈≈≈≈≈≈≈≈≈≈≈≈≈≈
≈≈≈≈≈≈≈≈≈...≈≈≈≈≈≈≈≈≈≈≈≈≈≈≈≈≈
≈≈≈≈≈≈≈≈≈...≈≈≈≈≈≈≈≈≈≈≈≈≈≈≈≈≈
≈≈≈≈≈≈≈≈≈≈...≈≈≈≈≈≈≈≈≈≈≈≈≈≈≈≈
≈≈≈≈≈≈≈≈≈≈≈...≈≈≈≈≈≈≈≈≈≈≈≈≈≈≈
≈≈≈≈≈≈≈≈...........≈≈≈≈≈≈≈≈
≈≈≈≈≈≈≈..8...@...8..≈≈≈≈≈≈≈
≈≈≈≈≈≈≈≈.....o.....≈≈≈≈≈≈≈≈
≈≈≈≈≈≈≈≈≈≈≈≈≈≈≈...≈≈≈≈≈≈≈≈≈≈≈
≈≈≈≈≈≈≈≈≈≈≈≈≈≈≈≈...≈≈≈≈≈≈≈≈≈≈
≈≈≈≈≈≈≈≈≈≈≈≈≈≈≈≈≈...≈≈≈≈≈≈≈≈≈
≈≈≈≈≈≈≈≈≈≈≈≈≈≈≈≈≈...≈≈≈≈≈≈≈≈≈
≈≈≈≈≈≈≈≈≈≈≈≈≈≈≈≈...≈≈≈≈≈≈≈≈≈≈
≈≈≈≈≈≈≈≈≈≈≈≈≈≈≈...≈≈≈≈≈≈≈≈≈≈≈
≈≈≈≈≈≈≈≈...≈≈≈.......≈≈≈≈≈≈≈≈


You could see an orc warrior.

Vanquished Creatures
  Pikel (D:3)
  The ghost of kraktruk the Thaumaturge, a novice DECj (D:5)
  Grinder (D:4)
  A phantom (D:4)
  A centaur (D:5)
  A giant frog (D:6)
  Robin (D:4)
  A scorpion (D:6)
  A centaur skeleton (D:5)
  A jelly (D:5)
  An iguana (D:5)
  A worker ant (D:5)
  The ghost of Television the Poker, a weakling MfWr (D:3)
  4 gnolls (D:2)
  3 adders (D:2)
  A shadow imp (D:5)
  An adder skeleton (D:4)
  5 worms
  7 giant geckos
  16 orcs
  3 ball pythons
  8 giant cockroaches
  6 hobgoblins
  10 jackals
  11 kobolds
  2 quokkas
  8 bats
  3 giant newts
  12 goblins
  A quokka zombie (D:5)
  6 rats
120 creatures vanquished.

Vanquished Creatures (others)
  A slave (D:4)
  4 goblins (D:4)
5 creatures vanquished.

Grand Total: 125 creatures vanquished

Notes
Turn   | Place    | Note
--------------------------------------------------------------
     0 | D:1      | radek the Deep Elf Conjurer began the quest for the Orb.
     0 | D:1      | Reached XP level 1. HP: 10/10 MP: 6/6
     0 | D:1      | Noticed a vine stalker skeleton
     2 | D:1      | Noticed a troll zombie
     2 | D:1      | Noticed a troll zombie
     4 | D:1      | Noticed a dwarf
     5 | D:1      | Noticed a centaur skeleton
     6 | D:1      | Noticed a troll skeleton
     7 | D:1      | Noticed a vampire
    10 | D:1      | Noticed a spriggan zombie
    12 | D:1      | Noticed a human zombie
    14 | D:1      | Noticed a vine stalker zombie
    18 | D:1      | Noticed a felid
   164 | D:1      | Reached XP level 2. HP: 15/15 MP: 2/8
   292 | D:1      | Reached skill level 5 in Conjurations
   937 | D:2      | Reached XP level 3. HP: 19/19 MP: 5/9
  1468 | D:2      | Reached skill level 6 in Conjurations
  1693 | D:2      | Reached XP level 4. HP: 24/24 MP: 4/10
  2395 | D:3      | Reached XP level 5. HP: 28/28 MP: 1/11
  2427 | D:3      | Noticed Television's ghost (weakling MfWr)
  2474 | D:3      | Learned a level 5 spell: Iskenderun's Battlesphere
  2782 | D:3      | Reached skill level 1 in Charms
  2829 | D:3      | Killed Television's ghost
  3367 | D:4      | Noticed Sigmund
  3447 | D:4      | Found a sand-covered staircase.
  3456 | Ossuary  | Entered an ossuary
  3456 | Ossuary  | Noticed George's ghost (amateur MiFi)
  3855 | D:4      | Noticed Pikel
  3855 | D:4      | Noticed a slave
  3857 | D:4      | Noticed a slave
  3858 | D:4      | Noticed a slave
  3859 | D:4      | Noticed a slave
  3963 | D:3      | Killed Pikel
  3963 | D:3      | Reached skill level 8 in Charms
  3963 | D:3      | Reached XP level 6. HP: 11/32 MP: 0/12
  3963 | D:3      | Reached XP level 7. HP: 12/36 MP: 0/13
  4270 | D:4      | Killed a freed slave
  4342 | D:4      | Noticed Grinder
  4345 | D:4      | Paralysed by Grinder for 3 turns
  4350 | D:4      | Killed Grinder
  4350 | D:4      | Reached skill level 10 in Charms
  4647 | D:4      | Noticed a phantom
  4654 | D:4      | Killed a phantom
  4761 | D:4      | Noticed Robin
  4765 | D:4      | Killed Robin
  4765 | D:4      | Reached XP level 8. HP: 41/41 MP: 2/14
  4887 | D:4      | Got a smoking helmet
  4913 | D:4      | Identified the +4 helmet of Woghiy {rCorr Str-2 Int+3 SInv} (You took it off Robin on level 4 of the Dungeon)
  5063 | D:5      | Entered Level 5 of the Dungeon
  5087 | D:5      | Noticed kraktruk's ghost (novice DECj)
  5091 | D:5      | Killed kraktruk's ghost
  5091 | D:5      | Reached skill level 11 in Charms
  5097 | D:5      | Reached skill level 12 in Charms
  5459 | D:5      | Found Qyipaung's Book Shoppe.
  6079 | D:5      | Found a sparkling altar of Nemelex Xobeh.
  6238 | D:6      | Found a staircase to the Ecumenical Temple.
  6247 | Temple   | Entered the Ecumenical Temple
  6468 | D:6      | Reached skill level 5 in Spellcasting
  6516 | Temple   | Slain by an orc warrior

Action                   |  1- 3 |  4- 6 |  7- 9 || total
-------------------------+-------+-------+-------++-------
Melee: Dagger            |       |     2 |       ||     2
 Cast: Magic Dart        |    80 |   118 |    87 ||   285
       Iskenderun's Batt |       |     4 |    10 ||    14
  Use: Scroll            |       |     8 |     1 ||     9
  Eat: Chunk             |     2 |     2 |     5 ||     9
       Meat ration       |       |     2 |       ||     2
       Fruit             |       |       |     1 ||     1
       Beef jerky        |       |       |     1 ||     1
